 Dungeon Crawl Stone Soup version 0.24.0-125-gc4c63601f3 (webtiles) character file.

Game seed: 2615142623009670534, levelgen mode: deterministic

61387 eccles the Thaumaturge (level 15, -7/93 HPs)
             Began as a Gargoyle Earth Elementalist on Feb 14, 2020.
             Was a High Priest of Vehumet.
             Mangled by shugdite's ghost (9 damage)
             ... on level 2 of the Orcish Mines on Feb 24, 2020.
             The game lasted 03:19:54 (23234 turns).

eccles the Thaumaturge (GrEE)                      Turns: 23234, Time: 03:19:55

Health: -7/93      AC: 25    Str: 23    XL:     15   Next: 2%
Magic:  10/39      EV: 14    Int: 24    God:    Vehumet [*****.]
Gold:   1029       SH:  0    Dex:  7    Spells: 3/37 levels left

rFire    + . .     SeeInvis .   a - +6 dagger (venom)
rCold    + . .     Gourm    .   (no shield)
rNeg     + . .     Faith    .   I - +3 ring mail {rC+}
rPois    ∞         Spirit   .   L - +2 hat {MR+}
rElec    +         Reflect  .   Q - scarf {cloud immunity}
rCorr    .         Harm     .   u - +2 pair of gloves
MR       +++..                  (no boots)
Stlth    ++........             g - amulet of regeneration
HPRegen  0.65/turn              V - ring "Voast" {rF+ MP+9 Str+4 Int+4 Dex-3}
MPRegen  0.26/turn              M - ring of protection from magic

@: mighty, hasted, lightly drained, very quick
A: big wings, repulsion field 1, negative energy resistance 1, electricity
resistance, unbreathing, petrification resistance, rot immunity, AC +11
a: Fly, Renounce Religion


You were on level 2 of the Orcish Mines.
You worshipped Vehumet.
Vehumet was extremely pleased with you.
You were hungry.

You visited 4 branches of the dungeon, and saw 20 of its levels.

You collected 2493 gold pieces.
You spent 1464 gold pieces at shops.

Inventory:

Hand Weapons
 a - a +6 dagger of venom (weapon)
 b - a +3 shortbow of flaming
 J - a +4 flail of protection
 P - the +7 lajatang of Order {silver, rMut}
   (You found it on level 5 of the Lair of Beasts)

   It protects you from mutation.
 U - a +2 hand axe of chopping
Missiles
 h - 235 stones
 l - 27 poisoned darts (quivered)
 B - 166 arrows
Armour
 f - the +0 shield "Hixuhit" {MR+ Dex+6}
   (You acquired it on level 4 of the Lair of Beasts)

   It affects your dexterity (+6).
   It affects your resistance to hostile enchantments.
 u - a +2 pair of gloves (worn)
 I - a +3 ring mail of cold resistance (worn)
 L - a +2 hat of magic resistance (worn)
 Q - a scarf of cloud immunity (worn)
 R - a cursed +0 ring mail
 W - a +2 chain mail of fire resistance
Jewellery
 g - an amulet of regeneration (around neck)
 j - an uncursed amulet of guardian spirit
 q - an uncursed ring of see invisible
 t - an uncursed ring of poison resistance
 E - an uncursed ring of wizardry
 M - a ring of protection from magic (right hand)
 O - an uncursed ring of protection from magic
 S - an uncursed ring of protection from cold
 T - an uncursed ring of flight {unknown}
 V - the ring "Voast" (left hand) {rF+ MP+9 Str+4 Int+4 Dex-3}
   (You bought it in a shop on level 2 of the Orcish Mines)

   [ring of magical power]

   It affects your strength (+4).
   It affects your intelligence (+4).
   It affects your dexterity (-3).
   It protects you from fire.
   It affects your magic capacity (+9).
Wands
 c - a wand of polymorph (4)
 r - a wand of acid (14)
 w - a wand of iceblast (8)
 z - a wand of paralysis (14)
 C - a wand of random effects (33)
 G - a wand of digging (6)
Scrolls
 k - 6 scrolls of remove curse
 p - a scroll of immolation
 y - 2 scrolls of teleportation
 D - 3 scrolls of amnesia
 F - 3 scrolls of magic mapping
 Y - 2 scrolls of enchant armour
Potions
 e - a potion of lignification
 m - 2 potions of flight
 n - 2 potions of degeneration
 o - a potion of haste
 s - 6 potions of might
 v - 4 potions of resistance
 x - 2 potions of cancellation
 A - 5 potions of brilliance
 H - 4 potions of agility
 N - a potion of mutation
 X - a potion of ambrosia
Comestibles
 d - 33 rations
 K - 10 chunks of flesh


   Skills:
 * Level 10.8(10.7) Fighting
 + Level 5.8(5.7) Short Blades
 * Level 6.7(6.6) Bows
 + Level 2.8(2.7) Throwing
 + Level 6.4(6.3) Armour
 + Level 5.5(5.4) Dodging
 + Level 5.0(4.9) Stealth
 * Level 11.9(11.8) Spellcasting
 * Level 10.4(10.3) Conjurations
 * Level 6.5(6.4) Transmutations
 + Level 0.6 Fire Magic
 - Level 8.4(8.3) Earth Magic
 * Level 7.0(6.9) Poison Magic
 + Level 1.0(0.9) Evocations


You had 3 spell levels left.
You knew the following spells:

 Your Spells              Type           Power        Failure   Level  Hunger
a - Sandblast             Erth           ######       1%          1    None
b - Passwall              Tmut/Erth      #####...     1%          2    None
c - Stone Arrow           Conj/Erth      ######       1%          3    None
d - Petrify               Tmut/Erth      #####...     3%          4    None
e - Mephitic Cloud        Conj/Pois/Air  #####...     1%          3    None
f - Lee's Rapid Deconstr  Erth           ######....   1%          5    ###....
g - Ignite Poison         Fire/Tmut/Pois #####...     1%          3    None
h - Magic Dart            Conj           ####         1%          1    None
i - Blink                 Tloc           N/A          10%         2    None
j - Venom Bolt            Conj/Pois      ######....   1%          5    ###....
k - Fireball              Conj/Fire      #####.....   5%          5    ###....

Your spell library contained the following spells:

 Spells                   Type           Power        Failure   Level  Hunger
 Iron Shot                Conj/Erth      ######....   6%          6    #####..
 Flame Tongue             Conj/Fire      #####        1%          1    None
 Sting                    Conj/Pois      ####         1%          1    None
 Throw Flame              Conj/Fire      #####.       1%          2    None
 Conjure Flame            Conj/Fire      #####...     1%          3    None
 Poisonous Vapours        Pois/Air       ####..       2%          2    None
 Inner Flame              Hex/Fire       ###.....     4%          3    None
 Animate Skeleton         Necr           N/A          7%          1    None
 Apportation              Tloc           ##....       7%          1    None
 Confusing Touch          Hex            ##....       7%          1    None
 Summon Small Mammal      Summ           ##..         7%          1    None
 Call Imp                 Summ           ##......     10%         2    None
 Slow                     Hex            ##......     10%         2    None
 Confuse                  Hex            ##......     21%         3    None
 Gell's Gravitas          Tloc           ##........   21%         3    None
 Olgreb's Toxic Radiance  Pois           #####...     1%          4    None
 Sticky Flame             Conj/Fire      #####...     1%          4    None
 Irradiate                Conj/Tmut      ######....   1%          5    ###....
 Alistair's Intoxication  Tmut/Pois      #####...     12%         5    ###....
 Yara's Violent Unravell  Hex/Tmut       ####......   13%         5    ###....
 Metabolic Englaciation   Hex/Ice        ##........   88%         5    ###....
 Sublimation of Blood     Necr           Unusable     N/A         2    N/A

Dungeon Overview and Level Annotations

Branches:
Dungeon (11/15)            Temple (1/1) D:4            Lair (6/6) D:10
  Swamp (0/4) Lair:4        Snake (0/4) Lair:3        Slime (0/5) Lair:5
    Orc (2/2) D:10            Elf (0/3) Orc:2

Altars:
Ashenzari
Cheibriados
Dithmenos
Elyvilon
Fedhas
Gozag
Hepliaklqana
Kikubaaqudgha
Makhleb
Nemelex Xobeh
Okawaru
Qazlal
Ru
Sif Muna
Trog
Uskayaw
Vehumet
Wu Jian
Xom
Yredelemnul
Zin
The Shining One
Beogh

Shops:
D:4 [   D:10 ![[=*   Orc:2 =**%

Annotations:
Lair:5 1 runed translucent door, Zevvob's ghost, journeyman OpFi
Orc:1 exclusion: obsidian statue
Orc:2 shugdite's ghost, journeyman MiMo


Innate Abilities, Weirdness & Mutations

You are resistant to torment.
Your stone body is resilient. (AC +11)
You are immune to poison.
Your large and strong wings let you fly indefinitely.
You resist negative energy. (rN+)
You are resistant to electric shocks. (rElec)
You can survive without breathing.
You are immune to petrification.
You are immune to rotting.
You are surrounded by a mild repulsion field. (EV +2)


Message History

* * * LOW HITPOINT WARNING * * *
You puncture shugdite's ghost!
Shugdite's ghost is almost destroyed.
You hit shugdite's ghost but do no damage.
Shugdite's ghost is almost destroyed.
You hit shugdite's ghost.
Shugdite's ghost is almost destroyed.
Shugdite's ghost hits you but does no damage.
You closely miss shugdite's ghost.
Shugdite's ghost is almost destroyed.
You hit shugdite's ghost but do no damage.
Shugdite's ghost is almost destroyed.
Shugdite's ghost hits you!
* * * LOW HITPOINT WARNING * * *
You hit shugdite's ghost but do no damage.
Shugdite's ghost is almost destroyed.
You hit shugdite's ghost but do no damage.
Shugdite's ghost is almost destroyed.
Shugdite's ghost hits you!
You die...

..#[......#.....###...##
...............#.##..#.##
#.[.........[.>.........#
.[.............#.##.##.###
)[..............#..###.#.##
....................#.....#
...................###.#.##
...............W[### #####
##..............@[##
##...........#....#
##...........#...##
#.............._.#
###...............#
.##.##...........##
.........#....#.##
.##..#........###
###.......#....#


You could see shugdite's ghost.

Vanquished Creatures
  Gastronok (D:10)
  A dire elephant (Lair:5)
  Harold (D:10)
  8 hydras
  2 two-headed ogres (D:11)
  An orc high priest (Orc:1)
  5 death yaks (Lair:6)
  8 orc sorcerers
  An orc knight (Orc:1)
  A cyclops (Orc:1)
  A centaur zombie (D:11)
  4 elephants (Lair:6)
  3 black mambas
  An ice statue (Lair:5)
  A centaur skeleton (D:11)
  8 spiny frogs
  A gargoyle (D:9)
  A kobold demonologist (D:9)
  An ice devil (Lair:5)
  5 rime drakes
  4 komodo dragons
  4 trolls
  Prince Ribbit (D:6)
  10 polar bears
  2 raiju (Lair:6)
  8 hippogriffs
  20 blink frogs
  A redback (D:9)
  2 hogs (D:10)
  6 wyverns
  3 basilisks
  Eustachio (D:5)
  A human (D:10)
  44 yaks
  Grum (D:11)
  4 vampire mosquitoes
  2 nagas (Lair:3)
  2 acid dragons (D:11)
  12 wargs
  7 porcupines
  15 hell hounds (Lair:6)
  10 water moccasins
  13 ice beasts
  11 black bears (Lair:6)
  17 orc warriors
  A sky beast (D:10)
  8 ogres
  A necrophage (D:7)
  4 phantoms
  23 wolves
  4 centaurs
  8 crocodiles
  4 big kobolds
  16 bullfrogs
  3 scorpions
  7 killer bees (D:11)
  7 wights
  An electric eel (Lair:1)
  4 crimson imps
  3 hounds
  3 jellies
  A quasit (D:10)
  A bullfrog zombie (D:10)
  16 orc priests
  40 orc wizards
  6 iguanas
  Jessica (D:2)
  2 hell rats (Lair:1)
  5 worker ants
  A killer bee zombie (D:5)
  2 hound zombies (D:5)
  A howler monkey zombie (D:7)
  A worker ant zombie (D:8)
  8 gnolls
  14 adders
  10 river rats (Lair:1)
  4 shadow imps
  A white imp (Lair:5)
  3 oozes (Lair:5)
  3 worms
  3 dart slugs
  7 leopard geckos
  74 orcs
  12 bats
  7 giant cockroaches
  9 goblins
  10 hobgoblins
  16 jackals
  2 quokkas (D:2)
  4 ball pythons
  5 frilled lizards
  31 kobolds
  A leopard gecko skeleton (D:8)
  A quokka zombie (D:8)
  7 rats
  2 plants
664 creatures vanquished.

Vanquished Creatures (others)
  2 orcs (D:7)
  A quokka (D:7)
  A bush (Lair:3)
  22 fungi
  42 plants
68 creatures vanquished.

Grand Total: 732 creatures vanquished

Notes
Turn   | Place    | Note
-------+----------+-------------------------------------------
     0 | D:1      | eccles the Gargoyle Earth Elementalist began the quest for
                  | the Orb.
     0 | D:1      | Reached XP level 1. HP: 10/10 MP: 3/3
   121 | D:1      | Reached XP level 2. HP: 15/15 MP: 1/5
   413 | D:1      | Reached XP level 3. HP: 15/19 MP: 1/6
   509 | D:1      | Learned a level 2 spell: Passwall
   513 | D:1      | Learned a level 3 spell: Stone Arrow
   890 | D:1      | Reached skill level 1 in Armour
   893 | D:1      | Reached XP level 4. HP: 13/24 MP: 2/8
  1184 | D:2      | Found a bloodstained altar of Trog.
  1243 | D:2      | Reached skill level 1 in Fighting
  1271 | D:2      | Noticed Jessica
  1286 | D:2      | Killed Jessica
  1286 | D:2      | Reached XP level 5. HP: 14/29 MP: 2/9
  1676 | D:2      | Reached skill level 5 in Earth Magic
  1721 | D:2      | Reached skill level 3 in Spellcasting
  2310 | D:4      | Noticed a phantom
  2318 | D:3      | Reached XP level 6. HP: 22/34 MP: 10/10
  2436 | D:4      | Killed a phantom
  2436 | D:4      | Reached skill level 1 in Short Blades
  2442 | D:4      | Learned a level 4 spell: Petrify
  2649 | D:4      | Found Mein's Armour Shop.
  2695 | D:4      | Noticed an orc warrior
  2820 | D:4      | Found a staircase to the Ecumenical Temple.
  2856 | Temple   | Entered the Ecumenical Temple
  3038 | D:5      | Entered Level 5 of the Dungeon
  3048 | D:5      | Reached XP level 7. HP: 36/40 MP: 12/12
  3563 | D:5      | Noticed Eustachio
  3568 | D:5      | Killed Eustachio
  3568 | D:5      | Reached skill level 4 in Spellcasting
  3568 | D:5      | Reached skill level 1 in Conjurations
  3651 | D:4      | Reached XP level 8. HP: 30/45 MP: 1/14
  3732 | D:6      | Found a basalt altar of Yredelemnul.
  3909 | D:6      | Noticed Prince Ribbit
  3918 | D:6      | Killed Prince Ribbit
  3951 | D:6      | Learned a level 3 spell: Mephitic Cloud
  4091 | D:6      | Found a shattered altar of Ashenzari.
  4323 | D:6      | Found a snail-covered altar of Cheibriados.
  4563 | D:6      | Found a blossoming altar of Fedhas.
  4689 | D:6      | Reached XP level 9. HP: 52/52 MP: 9/16
  4923 | D:7      | Reached skill level 5 in Spellcasting
  5122 | D:7      | Found a white marble altar of Elyvilon.
  5171 | D:7      | Reached skill level 1 in Throwing
  5453 | D:7      | Upgraded the game from 0.24.0-124-g2791043dd8 to
                  | 0.24.0-125-gc4c63601f3
  5784 | D:8      | Reached skill level 6 in Spellcasting
  5977 | D:8      | Found a radiant altar of Vehumet.
  5977 | D:8      | Found a burning altar of Makhleb.
  6008 | D:8      | Reached skill level 5 in Fighting
  6021 | D:8      | Became a worshipper of Vehumet
  6075 | D:8      | Reached XP level 10. HP: 38/59 MP: 16/19
  6151 | D:8      | Reached skill level 1 in Transmutations
  6327 | D:8      | Found a shimmering blue altar of Sif Muna.
  6593 | D:9      | Found an iron altar of Okawaru.
  6598 | D:9      | Found a glowing silver altar of Zin.
  6884 | D:9      | Reached skill level 7 in Spellcasting
  6945 | D:9      | Learned a level 5 spell: Lee's Rapid Deconstruction
  7266 | D:9      | Found an ancient bone altar of Kikubaaqudgha.
  7459 | D:9      | Noticed a kobold demonologist
  7465 | D:9      | Killed a kobold demonologist
  7589 | D:9      | Reached * piety under Vehumet
  7589 | D:9      | Offered knowledge of Freeze by Vehumet.
  7804 | D:9      | Noticed a gargoyle
  7810 | D:9      | Killed a gargoyle
  7810 | D:9      | Reached skill level 8 in Spellcasting
  7919 | D:9      | Reached XP level 11. HP: 65/68 MP: 10/23
  7937 | D:9      | Learned a level 3 spell: Ignite Poison
  8002 | D:9      | Reached skill level 5 in Conjurations
  8304 | D:10     | Entered Level 10 of the Dungeon
  8321 | D:10     | Found Yhausk's Jewellery Shoppe.
  8379 | D:10     | Bought an uncursed ring of protection from magic for 300
                  | gold pieces
  8756 | D:10     | Found Kaoh Itz's Assorted Antiques.
  8788 | D:10     | Found Jadoxki's Antique Armour Emporium.
  8799 | D:10     | Noticed Gastronok
  8810 | D:10     | Reached ** piety under Vehumet
  8813 | D:10     | Offered knowledge of Flame Tongue by Vehumet.
  8877 | D:10     | Killed Gastronok
  8877 | D:10     | Reached skill level 1 in Poison Magic
  8985 | D:10     | Found Xaimy's Antique Armour Emporium.
  9002 | D:10     | Found Wetzaur's Distillery.
  9270 | D:10     | Bought a potion of curing for 36 gold pieces
  9270 | D:10     | Bought a potion of heal wounds for 60 gold pieces
  9296 | D:10     | Found a staircase to the Lair.
  9333 | D:10     | Reached skill level 9 in Spellcasting
  9386 | D:10     | Found a staircase to the Orcish Mines.
  9594 | D:11     | Learned a level 1 spell: Magic Dart
  9628 | D:11     | Found a sparkling altar of Nemelex Xobeh.
 10143 | D:11     | Offered knowledge of Throw Frost by Vehumet.
 10241 | D:11     | Reached XP level 12. HP: 74/74 MP: 6/25
 10391 | D:11     | Noticed a two-headed ogre
 10397 | D:11     | Killed a two-headed ogre
 10409 | D:11     | Noticed a two-headed ogre
 10415 | D:11     | Killed a two-headed ogre
 10645 | D:11     | Noticed Grum
 10659 | D:11     | Reached skill level 5 in Stealth
 10669 | D:11     | Killed Grum
 10764 | D:11     | Reached *** piety under Vehumet
 10938 | Lair:1   | Entered Level 1 of the Lair of Beasts
 10946 | Lair:1   | Noticed an eight-headed hydra
 10956 | Lair:1   | Killed an eight-headed hydra
 11396 | Lair:1   | Reached skill level 5 in Armour
 11556 | Lair:1   | Offered knowledge of Iskenderun's Mystic Blast by Vehumet.
 12195 | Lair:2   | Reached skill level 1 in Evocations
 12198 | Lair:2   | Reached skill level 10 in Spellcasting
 12445 | Lair:2   | Reached skill level 5 in Short Blades
 12564 | Lair:2   | Noticed a seven-headed hydra
 12570 | Lair:2   | Killed a seven-headed hydra
 12570 | Lair:2   | Reached **** piety under Vehumet
 12800 | Lair:2   | Offered knowledge of Throw Icicle by Vehumet.
 12805 | Lair:2   | Found a bloodstained altar of Trog.
 13086 | Lair:3   | Reached XP level 13. HP: 44/80 MP: 23/27
 13228 | Lair:3   | Reached skill level 5 in Poison Magic
 13245 | Lair:3   | Learned a level 2 spell: Blink
 13251 | Lair:3   | Learned a level 5 spell: Venom Bolt
 13583 | Lair:3   | Found a staircase to the Snake Pit.
 14053 | Lair:4   | Reached ***** piety under Vehumet
 14354 | Lair:3   | Offered knowledge of Orb of Destruction by Vehumet.
 14794 | Lair:4   | Reached skill level 5 in Transmutations
 14933 | Lair:4   | Identified a scroll of acquirement
 14934 | Lair:4   | Got a warped shield
 14940 | Lair:4   | Identified the +0 shield "Hixuhit" {MR+ Dex+6} (You
                  | acquired it on level 4 of the Lair of Beasts)
 15149 | Lair:4   | Found a staircase to the Swamp.
 15253 | Lair:4   | Found an ancient bone altar of Kikubaaqudgha.
 15559 | Lair:5   | Found a staircase to the Slime Pits.
 15640 | Lair:5   | You fall into a shaft and drop 1 floor!
 15640 | Lair:6   | Entered Level 6 of the Lair of Beasts
 15802 | Lair:5   | Found a runed translucent door.
 15804 | Lair:5   | Noticed Zevvob's ghost (journeyman OpFi)
 15814 | Lair:5   | Reached skill level 5 in Bows
 15946 | Lair:5   | Found the +7 lajatang of Order {silver, rMut}
 16249 | Lair:5   | Reached skill level 11 in Spellcasting
 17065 | Lair:6   | Noticed a dire elephant
 17071 | Lair:6   | Gained mutation: Your large and strong wings let you fly
                  | indefinitely. [Gargoyle growth]
 17071 | Lair:6   | Reached XP level 14. HP: 87/87 MP: 17/29
 17348 | Lair:5   | Learned a level 5 spell: Fireball
 17520 | Lair:6   | Reached skill level 10 in Fighting
 17796 | Lair:6   | Reached skill level 5 in Dodging
 17984 | Lair:6   | Offered knowledge of Bolt of Cold by Vehumet.
 19333 | Lair:5   | Killed a dire elephant
 20107 | Orc:1    | Entered Level 1 of the Orcish Mines
 20331 | Orc:1    | Noticed Harold
 20448 | Orc:1    | Offered knowledge of Bolt of Draining by Vehumet.
 20478 | D:10     | Reached skill level 10 in Conjurations
 20492 | D:10     | Killed Harold
 21084 | Orc:1    | Found a roughly hewn altar of Beogh.
 21186 | Orc:2    | Entered Level 2 of the Orcish Mines
 22184 | Orc:2    | Gained mutation: You are surrounded by a mild repulsion
                  | field. (EV +2) [a neqoxec]
 22524 | Orc:2    | Found a burning altar of Makhleb.
 22533 | Orc:2    | Found a staircase to the Elven Halls.
 22648 | Orc:2    | Found Yfootac's General Store.
 22648 | Orc:2    | Found Paany's Food Shoppe.
 22686 | Orc:2    | Found a roughly hewn altar of Beogh.
 22718 | Orc:2    | Reached XP level 15. HP: 86/93 MP: 15/30
 22764 | Orc:2    | Offered knowledge of Iron Shot by Vehumet.
 22817 | Orc:2    | Found Eppaid's Jewellery Shop.
 22817 | Orc:2    | Found Namok's General Store.
 22832 | Orc:2    | Bought a scroll of enchant armour for 97 gold pieces
 22832 | Orc:2    | Bought a scroll of identify for 26 gold pieces
 22832 | Orc:2    | Bought a potion of curing for 39 gold pieces
 22832 | Orc:2    | Bought a scroll of enchant armour for 97 gold pieces
 22832 | Orc:2    | Bought a scroll of enchant weapon for 97 gold pieces
 22930 | Orc:2    | Bought the ring "Voast" {rF+ MP+9 Str+4 Int+4 Dex-3} for
                  | 712 gold pieces
 23066 | Orc:1    | Found a runed translucent gate.
 23078 | Orc:1    | Found a runed translucent gate.
 23078 | Orc:1    | Found an opulent altar of Gozag.
 23088 | Orc:1    | Found a runed translucent gate.
 23103 | Orc:1    | Noticed shugdite's ghost (journeyman MiMo)
 23232 | Orc:2    | HP: 1/93 [shugdite's ghost (16)]
 23234 | Orc:2    | Mangled by shugdite's ghost

Levels and vault maps discovered:
D:1:      sevenhm_arrival_forest_fort_large_2, layout_rooms, minmay_tetromino_l2
D:2:      minmay_door_path, layout_rooms, trog_book, uniq_jessica
D:3:      layout_rooms
D:4:      layout_cave_pools, minmay_temple_entry_ruins, serial_shops,
          nicolae_shop_stone, dk_rats_in_the_wall
D:5:      layout_loops_cross, first_ration, uniq_eustachio
D:6:      layout_basic, kennysheep_slug_shrine, kennysheep_mini_moat,
          lemuel_doored_altar, fedhas_altar_2, uniq_prince_ribbit1
D:7:      layout_basic, elyvilon_altar_4
D:8:      layout_basic, grunt_temple_overflow_lords_of_destruction,
          lemuel_blue_sif_altar
D:9:      layout_loops_ring, gammafunk_temple_overflow_pools,
          overflow_temple_1_default, minmay_evil_grid
D:10:     layout_cave_pools, lair_entry_dummy, minmay_orc_entry_guard_dogs,
          serial_shops, shop_fountains, shop, nicolae_shop_statue_plus, shop,
          kennysheep_mini, grunt_livestock, uniq_gastronok
D:11:     layout_irregular_city, basic_altar, uniq_grum
Temple:   nicolae_temple_hex_pool
Lair:1:   layout_gridlike, minivault_19, kennysheep_rathole,
          infiniplex_staircase_pool
Lair:2:   layout_regular_city, basic_altar
Lair:3:   layout_loops_ring, guppyfry_snake_entry_garden, serial_forest,
          infiniplex_forest_lined_room_2, infiniplex_forest_clump_double,
          infiniplex_forest_straight_2, infiniplex_forest_straight_2,
          infiniplex_forest_clump_large, infiniplex_forest_clump_cross,
          infiniplex_forest_zigzag_1, hibernation_bobbens
Lair:4:   layout_regular_city, minmay_swamp_entry_swarm, basic_altar
Lair:5:   layout_regular_city, nicolae_slime_entry_slimehenge,
          ebering_ghost_reflecting_pool, ice2_lemuel
Lair:6:   hangedman_lair_caniforms_friends, layout_cave_pods, st_stairs_9,
          infiniplex_staircase_pool_2
Orc:1:    layout_caves, ebering_ghost_gozag, minmay_orc_temple_c, uniq_harold
Orc:2:    st_orc_town, layout_caves, bloody_makhleb

Skill      XL: |  1  2  3  4  5  6  7  8  9 10 11 12 13 14 15 |
---------------+----------------------------------------------+-----
Earth Magic    | 4 5 6 7 8 |  8.4
Armour         | 1 2 3 4 5 6 |  6.4
Fighting       | 1 2 4 5 7 8 9 10 | 10.8
Stealth        | 3 4 5 |  5.0
Spellcasting   | 3 4 6 8 9 10 11 | 11.9
Dodging        | 2 3 4 5 |  5.5
Short Blades   | 1 2 3 4 5 |  5.8
Conjurations   | 1 3 4 6 8 9 10 | 10.4
Throwing       | 1 2 |  2.8
Transmutations | 2 3 4 5 6 |  6.5
Bows           | 2 3 5 6 |  6.7
Poison Magic   | 2 4 5 6 7 |  7.0
Evocations     | 1 |  1.0
Fire Magic     | |  0.6

Action                   |  1- 3 |  4- 6 |  7- 9 | 10-12 | 13-15 || total
-------------------------+-------+-------+-------+-------+-------++-------
Melee: Whip              |    14 |       |       |       |       ||    14
       Dagger            |    13 |   145 |   249 |   454 |   871 ||  1732
       Shortbow          |       |       |       |     3 |       ||     3
 Fire: Shortbow          |       |       |       |    80 |   116 ||   196
Throw: Dart              |    19 |    14 |    14 |    30 |    26 ||   103
       Stone             |       |     2 |       |       |       ||     2
 Cast: Sandblast         |    35 |    27 |    84 |   110 |    36 ||   292
       Stone Arrow       |       |     6 |    27 |   180 |   424 ||   637
       Mephitic Cloud    |       |       |     3 |       |       ||     3
       Petrify           |       |       |     1 |     1 |       ||     2
       Magic Dart        |       |       |       |   103 |   113 ||   216
       Ignite Poison     |       |       |       |     3 |    12 ||    15
       Lee's Rapid Decon |       |       |       |       |     4 ||     4
       Blink             |       |       |       |       |     4 ||     4
       Venom Bolt        |       |       |       |       |     2 ||     2
       Fireball          |       |       |       |       |     1 ||     1
Evoke: Wand              |       |       |     8 |    28 |    10 ||    46
  Use: Scroll            |       |     5 |    12 |    14 |    10 ||    41
       Potion            |       |     1 |     1 |     3 |    14 ||    19
 Stab: Distracted        |     1 |       |       |       |       ||     1
       Sleeping          |       |     5 |     2 |     2 |       ||     9
       Paralysed         |       |       |     3 |       |       ||     3
       Petrified         |       |       |     1 |       |       ||     1
       Confused          |       |       |     1 |       |       ||     1
  Eat: Chunk             |       |     6 |    10 |    20 |    30 ||    66
       Ration            |       |     1 |       |     1 |     1 ||     3
Armor: Robe              |    14 |       |       |       |       ||    14
       Leather armour    |     4 |    53 |   108 |       |       ||   165
       Ring mail         |       |       |    25 |   491 |   852 ||  1368
Dodge: Dodged            |    33 |   116 |   130 |   487 |   839 ||  1605
